 Dungeon Crawl Stone Soup version 0.25-a0-730-g633e9c3 (webtiles) character file.

Game seed: 702126380799937023, levelgen mode: deterministic

100 robertstho the Covered (level 4, -11/42 HPs)
             Began as a Deep Dwarf Fighter on Apr 7, 2020.
             Mangled by an orc wizard
             ... wielding a +1 dagger of electrocution
              (15 damage)
             ... on level 3 of the Dungeon.
             The game lasted 00:05:20 (1210 turns).

robertstho the Covered (Deep Dwarf Fighter)         Turns: 1210, Time: 00:05:21

Health: -11/42     AC:  7    Str: 21    XL:     4   Next: 46%
Magic:  4/4        EV:  7    Int:  8    God:
Gold:   82         SH:  9    Dex: 12    Spells: 3/3 levels left

rFire    . . .     SeeInvis .   a - +0 war axe
rCold    . . .     Gourm    .   c - +0 kite shield
rNeg     . . .     Faith    .   b - +0 scale mail
rPois    .         Spirit   .   (no helmet)
rElec    .         Reflect  .   (no cloak)
rCorr    .         Harm     .   (no gloves)
MR       .....                  (no boots)
Stlth    ..........             (no amulet)
HPRegen  0.00/turn              (no ring)
MPRegen  0.09/turn              (no ring)

@: mighty, non-regenerating, slowed, very slow
A: damage resistance, heal wounds, sense surroundings 1, no regeneration
a: Heal Wounds


You were on level 3 of the Dungeon.
You were not hungry.

You visited 1 branch of the dungeon, and saw 3 of its levels.

You collected 82 gold pieces.

Inventory:

Hand Weapons
 a - a +0 war axe (weapon)
Armour
 b - a +0 scale mail (worn)
 c - a +0 kite shield (worn)
Wands
 q - a wand of disintegration (7)
Scrolls
 i - a scroll of fear {unknown}
 l - 2 scrolls of identify {unknown}
 o - a scroll of teleportation {unknown}
 p - a scroll of magic mapping {unknown}
Potions
 d - 3 potions of might
 e - a potion of berserk rage {unknown}
 j - a potion of resistance {unknown}
 k - a potion of mutation {unknown}
 m - a potion of cancellation {unknown}
 n - a potion of curing {unknown}
Comestibles
 f - 6 rations
 g - 5 chunks of flesh


   Skills:
 * Level 3.3 Fighting
 + Level 3.2 Axes
 * Level 4.1 Armour
 + Level 0.5 Dodging
 + Level 3.9 Shields


You had 3 spell levels left.
You didn't know any spells.
Your spell library was empty.

Dungeon Overview and Level Annotations

Branches:
Dungeon (3/15)

Altars:


Innate Abilities, Weirdness & Mutations

You are resistant to damage.
You can heal yourself by infusing magical energy.
You passively map a small area around you.
You do not regenerate.


Message History

The orc wizard gestures at you while chanting.
You feel yourself slow down.
Items here: % ) ? [ รท a +0 mace; a +0 leather armour; a scroll labeled XACRALENWIF; 2 chunks of flesh an orc skeleton
l - 2 scrolls labeled XACRALENWIF (gained 1)
g - 5 chunks of flesh (gained 2)
The orc wizard gestures at you while chanting.
You feel as though you will be slow longer.
You barely miss the orc wizard.
The orc wizard points at you and mumbles some strange words.
The magic dart hits you.
The orc wizard hits you but does no damage.
You are electrocuted!!
* * * LOW HITPOINT WARNING * * *
You block the orc's attack.
You feel very mighty all of a sudden.
The orc wizard hits you but does no damage.
You are electrocuted!
You die...

=....####.##............#.o...o..
..........##..............#.....
.....#.......)..................o
.....#..........###.##..###......
............#######....### ......
..#.##........####..##...o.....o.
.##.........#...#o.....#...##.##.
.#..........###..o#.##...### .#
.#.#........###.@#..##.### .
.#.#...................# ,*
...........>.............
.........................
.................#...##.#,
.....................# .# * *
..............#.###...., .... ,
##...##.# .##.. ...# **#### #.#
.. .# ,


You could see an orc wizard and an orc.

Vanquished Creatures
  3 adders (D:2)
  An ooze (D:2)
  A worm (D:2)
  A dart slug (D:2)
  2 leopard geckos (D:2)
  2 orcs (D:3)
  3 giant cockroaches
  8 goblins
  8 hobgoblins
  A jackal (D:1)
  A quokka (D:2)
  8 bats
  2 frilled lizards
  9 kobolds
  10 rats
60 creatures vanquished.

Notes
Turn   | Place    | Note
-------+----------+-------------------------------------------
     0 | D:1      | robertstho the Deep Dwarf Fighter began the quest for the
                  | Orb.
     0 | D:1      | Reached XP level 1. HP: 20/20 MP: 1/1
    61 | D:1      | Reached XP level 2. HP: 25/28 MP: 2/2
   622 | D:2      | Reached XP level 3. HP: 28/34 MP: 3/3
   663 | D:2      | Reached skill level 4 in Armour
   768 | D:2      | Reached XP level 4. HP: 27/42 MP: 4/4
  1210 | D:3      | Mangled by an orc wizard

Levels and vault maps discovered:
D:1:      mrwooster_arrival_arrow, layout_loops_ring, minmay_tetromino_s2
D:2:      cheibrodos_old_hovel, layout_rooms
D:3:      layout_rooms

Skill      XL: |  1  2  3  4 |
---------------+-------------+-----
Fighting       | 3 |  3.3
Armour         | 4 |  4.1
Axes           | 3 |  3.2
Dodging        | |  0.5
Shields        | |  3.9

Action                   |  1- 3 |  4- 6 || total
-------------------------+-------+-------++-------
Melee: War axe           |    99 |    67 ||   166
  Use: Scroll            |       |     2 ||     2
       Potion            |       |     1 ||     1
  Eat: Chunk             |       |     1 ||     1
Armor: Scale mail        |    54 |    34 ||    88
Dodge: Dodged            |    37 |    31 ||    68
Block: Kite shield       |    72 |    37 ||   109

Table legend:
 A = Non-vault XP
 B = Vault XP
 C = Vault XP percentage of total XP
 D = Non-vault monster count
 E = Vault monster count
 F = Vault count percentage of total count
                 A         B        C        D         E       F
            +---------+---------+-------+---------+---------+-------
      Total |     138 |       5 |   3.5 |      57 |       3 |   5.0
            +---------+---------+-------+---------+---------+-------
        D:1 |      33 |       4 |  10.8 |      23 |       2 |   8.0
        D:2 |      88 |       1 |   1.1 |      25 |       1 |   3.8
        D:3 |      17 |       0 |   0.0 |       9 |       0 |   0.0
            +---------+---------+-------+---------+---------+-------
